 Dungeon Crawl Stone Soup version 0.29-a0-473-gacb4ef3bc5 (webtiles) character file.

Game seed: 15169053328637797716

277 Bruhh the Skirmisher (level 6, -1/63 HPs)
             Began as an Ogre Transmuter on May 23, 2022.
             Slain by an orc priest
             ... wielding a +0 trident
              (8 damage)
             ... on level 5 of the Dungeon.
             The game lasted 00:03:39 (3431 turns).

Bruhh the Skirmisher (Ogre Transmuter)              Turns: 3431, Time: 00:03:40

Health: -1/63      AC:  3    Str: 21    XL:     6   Next: 25%
Magic:  12/12      EV: 10    Int: 16    God:
Gold:   211        SH:  0    Dex: 15    Spells: 9/13 levels left

rFire   + . .      SeeInvis .   o - +2 whip of Poojif {elec, rF+ rC+ Str+6}
rCold   + . .      Faith    .   (no shield)
rNeg    . . .      Spirit   .   a - +0 robe
rPois   .          Reflect  .   (helmet restricted)
rElec   .          Harm     .   (no cloak)
rCorr   .          Rampage  .   (gloves unavailable)
Will    .....                   (boots unavailable)
Stlth   +.........              (no amulet)
HPRegen 0.20/turn               d - +6 ring of dexterity
MPRegen 0.13/turn               (no ring)

@: no status effects
A: large, unfitting armour, tough skin 1
a: no special abilities


You were on level 5 of the Dungeon.
You visited 1 branch of the dungeon, and saw 5 of its levels.

You collected 211 gold pieces.

Inventory:

Hand Weapons
 o - the +2 whip of Poojif (weapon) {elec, rF+ rC+ Str+6}
   (You found it on level 3 of the Dungeon)

   It occasionally discharges a powerful burst of electricity upon striking a
   foe.
   Str:       It affects your strength (+6).
   rF:        It protects you from fire.
   rC:        It protects you from cold.
Missiles
 h - 3 poisoned darts
Armour
 a - a +0 robe (worn)
Jewellery
 d - a +6 ring of dexterity (left hand)
 i - an amulet of faith
Wands
 b - a wand of paralysis (6)
 q - a wand of iceblast (7)
 t - a wand of polymorph (12)
Scrolls
 c - a scroll of enchant weapon {unknown}
 k - a scroll of fear
 l - a scroll of silence {unknown}
 n - a scroll of amnesia {unknown}
 p - a scroll of summoning {unknown}
 s - 3 scrolls of magic mapping
 u - a scroll of teleportation {unknown}
Potions
 f - a potion of might {unknown}
 g - a potion of flight
 j - a potion of degeneration {unknown}
 r - 2 potions of attraction
 v - a potion of brilliance {unknown}


   Skills:
 + Level 4.6 Fighting
 - Level 1.7 Dodging
 + Level 4.1 Unarmed Combat
 + Level 4.4 Spellcasting
 - Level 2.0 Transmutations


You had 9 spell levels left.
You knew the following spells:

 Your Spells              Type           Power      Damage    Failure   Level
a - Beastly Appendage     Tmut           18%        N/A       7%          1
b - Spider Form           Tmut/Pois      6%         N/A       32%         3

Your spell library contained the following spells:

 Spells                   Type           Power      Damage    Failure   Level
 Wereblood                Tmut           9%         N/A       11%         2
 Gell's Gravitas          Tloc           3%         N/A       43%         3
 Ozocubu's Armour         Ice            3%         N/A       43%         3
 Teleport Other           Tloc           3%         N/A       43%         3
 Ice Form                 Ice/Tmut       6%         N/A       71%         4
 Dispersal                Tloc           1%         N/A       100%        6
 Ozocubu's Refrigeration  Ice            1%         4d5       100%        7


Dungeon Overview and Level Annotations

Branches:
Dungeon (5/15)             Temple (0/1) D:5

Altars:
Dithmenos
Yredelemnul


Innate Abilities, Weirdness & Mutations

You are too large for most types of armour.
You have tough skin. (AC +1)


Message History

You hit the orc.
The orc is heavily wounded.
The orc closely misses you.
The orc priest hits you from afar with a +0 trident!
* * * LOW HITPOINT WARNING * * *
The orc priest looks satisfied for a moment.
You hit the orc.
The orc is almost dead.
The orc priest hits you from afar with a +0 trident.
* * * LOW HITPOINT WARNING * * *
The orc hits you with a +0 flail!
* * * LOW HITPOINT WARNING * * *
Unknown command.
You hit the orc.
You kill the orc!
The orc priest hits you but does no damage.
You barely miss the orc.
The orc is heavily wounded.
The orc barely misses you. The orc priest closely misses you.
You feel better. The orc closely misses you.
The orc priest hits you from afar with a +0 trident.
* * * LOW HITPOINT WARNING * * *
You hit the orc but do no damage.
The orc is heavily wounded.
The orc closely misses you. The orc priest closely misses you.
You completely miss the orc.
The orc is heavily wounded.
The orc hits you but does no damage.
The orc priest hits you from afar with a +0 trident.
* * * LOW HITPOINT WARNING * * *
You feel better. The orc hits you with a +0 whip.
* * * LOW HITPOINT WARNING * * *
The orc priest calls upon Beogh to heal the orc.
The orc's wounds heal themselves!
You barely miss the orc. The orc barely misses you.
The orc priest completely misses you.
You hit the orc but do no damage. The orc hits you with a +0 whip.
* * * LOW HITPOINT WARNING * * *
The orc priest hits you from afar with a +0 trident!
You die...

#.######.... #.# ... #.# ..
#.# #.# ###.### ###'###
.#####⌠.⌠#######
.....#.>.#..@o.##############
######⌠.⌠#####o..............
###'### #...............
###.### #............... #.#
#............... #.#
#...............
#.######...............
#......................
########........>..####


You could see an orc priest and an orc.

Vanquished Creatures
  An orc priest (D:5)
  A hound (D:4)
  An iguana (D:4)
  Terence (D:3)
  Ijyb (D:3)
  An orc wizard (D:4)
  3 adders
  A shadow imp (D:5)
  A worm (D:2)
  4 dart slugs
  7 orcs
  2 ball pythons (D:4)
  6 endoplasms
  A giant cockroach (D:1)
  4 goblins
  4 hobgoblins
  2 jackals (D:2)
  4 quokkas
  11 bats
  A frilled lizard (D:2)
  2 kobolds
  4 rats (D:1)
63 creatures vanquished.

Notes
Turn   | Place    | Note
-------+----------+-------------------------------------------
     0 | D:1      | Bruhh the Ogre Transmuter began the quest for the Orb.
     0 | D:1      | Reached XP level 1. HP: 19/19 MP: 3/3
     4 | D:1      | Found a faded altar of an unknown god.
    95 | D:1      | Reached XP level 2. HP: 24/28 MP: 3/5
   991 | D:2      | Found a basalt altar of Yredelemnul.
  1150 | D:2      | Reached XP level 3. HP: 27/35 MP: 7/7
  1591 | D:3      | Noticed Ijyb
  1592 | D:3      | Paralysed by Ijyb for 3 turns
  1601 | D:2      | Learned a level 3 spell: Spider Form
  1606 | D:3      | Paralysed by Ijyb for 4 turns
  1615 | D:3      | Paralysed by Ijyb for 2 turns
  1619 | D:3      | Killed Ijyb
  1620 | D:3      | Reached XP level 4. HP: 16/44 MP: 5/8
  1909 | D:3      | Found a shadowy altar of Dithmenos.
  1957 | D:3      | Identified the +2 whip of Poojif {elec, rF+ rC+ Str+6}
  1965 | D:3      | Noticed Terence
  1971 | D:3      | Killed Terence
  2349 | D:4      | Reached XP level 5. HP: 25/54 MP: 10/10
  3093 | D:4      | Reached XP level 6. HP: 59/63 MP: 12/12
  3294 | D:5      | Entered Level 5 of the Dungeon
  3363 | D:5      | Found a staircase to the Ecumenical Temple.
  3431 | D:5      | Slain by an orc priest

Illustrated notes

Levels and vault maps discovered:
D:1:      psy_arrival_whirlpool, layout_loops_ring,
          ebering_ecumenical_altar_petrified
D:2:      layout_basic, basic_altar
D:3:      layout_basic, grunt_dithmenos_smoke, uniq_terence, uniq_ijyb
D:4:      layout_rooms
D:5:      layout_basic, temple_doors_e, water_maze_lemuel, uniq_grinder

Skill      XL: |  1  2  3  4  5 |
---------------+----------------+-----
Transmutations | 2 |  2.0
Fighting       | 2 3 4 |  4.6
Unarmed Combat | 3 4 |  4.1
Spellcasting   | 3 4 |  4.4
Dodging        | |  1.7

Action                   |  1- 3 |  4- 6 || total
-------------------------+-------+-------++-------
Melee: Unarmed           |    94 |     3 ||    97
       Kick              |    17 |    11 ||    28
       Headbutt          |     6 |     9 ||    15
       Punch             |     2 |     3 ||     5
       Whip              |       |    82 ||    82
 Cast: Beastly Appendage |    22 |    15 ||    37
       Spider Form       |     1 |       ||     1
  Use: Potion            |     1 |    11 ||    12
       Scroll            |       |     3 ||     3
 Stab: Sleeping          |     1 |     1 ||     2
Armor: Robe              |    46 |    36 ||    82
       Skin              |     1 |       ||     1
Dodge: Dodged            |    61 |    53 ||   114

Table legend: (Time is in decaauts)
 A = Elapsed time spent in this place.
 B = Non-inter-level travel time spent in this place.
 C = Inter-level travel time spent in this place.
 D = Time resting spent in this place.
 E = Time spent auto-exploring this place.
 F = Levels seen in this place.
 G = Mean time per level.
                   A        B        C        D        E       F      G
               +--------+--------+--------+--------+--------+-----+--------+
         Total |   3436 |   3377 |     59 |      0 |   2872 |   5 |  687.2 |
       Dungeon |   3436 |   3377 |     59 |      0 |   2872 |   5 |  687.2 |
               +--------+--------+--------+--------+--------+-----+--------+

Top non-repeatable levels by time:
     D:4: 995 daAuts
     D:1: 971 daAuts
     D:3: 706 daAuts
     D:2: 624 daAuts
     D:5: 138 daAuts
